 Dungeon Crawl Stone Soup version 0.25.1-2-g60ff931df9 (webtiles) character file.

Game seed: 11030553806316682653

8771 MajorAdolf the Covert (level 11, -4/100 HPs)
             Began as a Naga Wanderer on Sept 17, 2020.
             Was an Initiate of Gozag.
             Slain by a troll (14 damage)
             ... on level 10 of the Dungeon.
             The game lasted 00:23:47 (16285 turns).

MajorAdolf the Covert (Naga Wanderer)              Turns: 16285, Time: 00:23:48

Health: -4/100     AC:  7    Str: 16    XL:     11   Next: 36%
Magic:  17/17      EV: 11    Int: 21    God:    Gozag
Gold:   484        SH:  9    Dex: 10    Spells: 13/14 levels left

rFire    + . .     SeeInvis +   h - +4 war axe (flame)
rCold    + . .     Gourm    .   C - +0 kite shield
rNeg     . . .     Faith    .   I - +2 robe {rC+ rF+}
rPois    +         Spirit   .   (no helmet)
rElec    .         Reflect  .   n - +0 cloak
rCorr    .         Harm     .   (no gloves)
MR       +....                  (no barding)
Stlth    +++++.....             (no amulet)
HPRegen  0.26/turn              m - +4 ring of evasion
MPRegen  0.15/turn              F - +6 ring of strength

@: mighty, short of breath, berserk cooldown, very slow
A: large, see invisible, deformed body, poison resistance, slowness 2, slow
metabolism 1, spit poison 1, AC +3
a: Spit Poison, Potion Petition, Call Merchant, Bribe Branch, Renounce Religion


You were on level 10 of the Dungeon.
You worshipped Gozag.
Gozag was aware of your devotion.
You were not hungry.

You visited 3 branches of the dungeon, and saw 12 of its levels.

You collected 1337 gold pieces.
You spent 811 gold pieces at shops.
You paid 42 gold pieces to Gozag.

Inventory:

Hand Weapons
 h - a +4 war axe of flaming (weapon)
Armour
 n - a +0 cloak (worn)
 C - a +0 kite shield (worn)
 H - +0 steam dragon scales
 I - a +2 robe of resistance (worn)
Magical Staves
 q - an uncursed staff of summoning
 G - an uncursed staff of cold
 J - an uncursed staff of fire
Jewellery
 m - a +4 ring of evasion (left hand)
 F - a +6 ring of strength (right hand)
Wands
 r - a wand of paralysis (12)
 B - a wand of acid (25)
 E - a wand of digging (8)
Scrolls
 a - a scroll of silence {unknown}
 b - 4 scrolls of fear {unknown}
 c - 6 scrolls of teleportation
 e - 7 scrolls of remove curse
 i - 2 scrolls of identify
 j - 3 scrolls of magic mapping {unknown}
 k - 2 scrolls of enchant armour {unknown}
 s - a scroll of amnesia {unknown}
 t - 2 scrolls of immolation {unknown}
 u - a scroll of noise {unknown}
 x - 2 scrolls of fog {unknown}
 y - a scroll of random uselessness {unknown}
Potions
 d - a potion of brilliance
 g - 2 potions of resistance
 l - 4 potions of curing
 o - 2 potions of heal wounds {unknown}
 p - a potion of stabbing
 v - a potion of magic
 w - 3 potions of berserk rage
 A - 3 potions of degeneration
 D - a potion of flight {unknown}
 K - 2 potions of lignification {unknown}
 L - a potion of haste {unknown}
Comestibles
 f - 8 rations


   Skills:
 - Level 7.0 Fighting
 * Level 7.9(8.1) Axes
   Level 3.0(5.8) Maces & Flails
 + Level 14.1 Stealth
 - Level 4.2 Shields
 - Level 2.0 Spellcasting
   Level 1.3 Poison Magic
 + Level 8.9 Evocations


You had 13 spell levels left.
You knew the following spells:

 Your Spells              Type           Power        Failure   Level  Hunger
a - Beastly Appendage     Tmut           #.....       38%         1    #......

Your spell library contained the following spells:

 Spells                   Type           Power        Failure   Level  Hunger
 Magic Dart               Conj           #...         38%         1    #......
 Shock                    Conj/Air       #...         38%         1    #......
 Searing Ray              Conj           #.....       52%         2    ##.....
 Sticks to Snakes         Tmut           #.......     52%         2    ##.....
 Swiftness                Chrm/Air       #.......     52%         2    ##.....
 Spider Form              Tmut/Pois      #.........   67%         3    ###....
 Dazzling Flash           Conj/Hex       #.....       77%         3    ###....
 Static Discharge         Conj/Air       #.......     77%         3    ###....
 Airstrike                Air            #.........   99%         4    #####..
 Cause Fear               Hex            #.........   99%         4    #####..
 Fulminant Prism          Conj/Hex       #.........   99%         4    #####..
 Ice Form                 Ice/Tmut       #.......     99%         4    #####..
 Iskenderun's Mystic Bla  Conj/Tloc      #.......     99%         4    #####..
 Blade Hands              Tmut           #.........   100%        5    ######.
 Lightning Bolt           Conj/Air       #.........   100%        5    ######.
 Silence                  Hex/Air        #.........   100%        5    ######.
 Yara's Violent Unravell  Hex/Tmut       #.........   100%        5    ######.
 Discord                  Hex            #.........   100%        8    #######


Dungeon Overview and Level Annotations

Branches:
Dungeon (10/15)            Temple (1/1) D:4            Lair (1/6) D:10
    Orc (0/2) D:10

Altars:
Ashenzari
Cheibriados
Dithmenos
Elyvilon
Fedhas
Gozag
Hepliaklqana
Kikubaaqudgha
Makhleb
Nemelex Xobeh
Okawaru
Qazlal
Ru
Sif Muna
Trog
Uskayaw
Vehumet
Wu Jian
Xom
Yredelemnul
Zin
The Shining One

Shops:
D:8 }:((*


Innate Abilities, Weirdness & Mutations

You cannot wear boots.
Your serpentine skin is tough. (AC +3)
You have supernaturally acute eyesight. (SInv)
Armour fits poorly on your strangely shaped body.
Your system is resistant to poisons. (rPois)
You cover ground very slowly.
You have a slow metabolism.
You can spit poison.


Message History

You feel yourself speed up.
You start resting.
The troll is too close now for your liking.
Unknown command.
A troll is nearby!
Okay, then.
A troll is nearby!
A troll is nearby!
The troll shouts!
Press: ? - help, Shift-Dir - straight line, f - troll
Aim: a troll The splash of poison hits the troll.
The troll is poisoned.
The troll is lightly wounded.
You feel slightly more hungry. The troll bites you!
* * * LOW HITPOINT WARNING * * *
You block the troll's attack. x2
You feel very mighty all of a sudden.
You block the troll's attack. x2; The troll claws you!
You die...
Your body crumbles into a pile of gold.

##.....P.....P♣..........
##...#..♣...P♣.....P......
###............P............
###..#........P..P...P........
#....#.........P..............
####.........>.....##..........
#.....##..#####....#....(.....#
#.........### #........$.....##
#....###..#.####@..............
#....
#.......#.#T..............
#.... #.......$$#$$............
#......#............#..##.....#
##....##.......!....##.# #....#
# #...............$..#..#
.......
.................$$...## ..#..#
..............#.......##.##..#.
............#.$#...#.........


You could see a troll (poisoned).

Vanquished Creatures
  A two-headed ogre (D:9)
  Psyche (D:8)
  Maggie (D:8)
  A troll (D:10)
  5 hippogriffs
  A shadow (D:10)
  A spriggan (D:9)
  A wyvern (D:5)
  4 yaks
  A basilisk (D:10)
  3 hungry ghosts
  Eustachio (D:6)
  4 porcupines (D:10)
  3 ice beasts
  2 sky beasts
  A necrophage (D:4)
  2 orc warriors (D:10)
  2 phantoms
  2 ogres
  4 centaurs
  4 crocodiles (D:10)
  2 big kobolds
  A gnoll sergeant (D:5)
  6 bullfrogs
  A wyvern skeleton (D:10)
  A water moccasin skeleton (D:6)
  A scorpion (D:9)
  4 killer bees
  9 wights
  4 howler monkeys
  5 crimson imps
  A centaur zombie (D:10)
  3 jellies (D:7)
  8 hounds
  3 orc priests
  2 centaur skeletons
  3 orc wizards
  A bullfrog skeleton (D:5)
  Jessica (D:1)
  2 iguanas
  6 worker ants
  A worker ant zombie (D:6)
  10 adders
  9 gnolls
  An ooze (D:3)
  An adder zombie (D:5)
  An adder skeleton (D:7)
  A dart slug (D:2)
  3 leopard geckos
  24 orcs
  4 ball pythons
  4 giant cockroaches
  9 goblins
  8 hobgoblins
  7 jackals
  18 kobolds
  8 quokkas
  8 bats
  7 frilled lizards
  A jackal zombie (D:6)
  A leopard gecko skeleton (D:6)
  5 rats
240 creatures vanquished.

Vanquished Creatures (others)
  A fungus (D:10)
  A plant (D:10)
2 creatures vanquished.

Grand Total: 242 creatures vanquished

Notes
Turn   | Place    | Note
-------+----------+-------------------------------------------
     0 | D:1      | MajorAdolf the Naga Wanderer began the quest for the Orb.
     0 | D:1      | MajorAdolf set off with the following items: a +2 mace, a
                  | +0 ring mail, a scroll of teleportation, a +0 dagger, a
                  | ration
     0 | D:1      | Reached XP level 1. HP: 19/19 MP: 3/3
   229 | D:1      | Reached XP level 2. HP: 24/27 MP: 5/5
   742 | D:2      | Found an ornate altar of the Wu Jian Council.
   742 | D:2      | Noticed Jessica
   762 | D:1      | Killed Jessica
   762 | D:1      | Reached XP level 3. HP: 6/36 MP: 6/6
  1223 | D:1      | Reached XP level 4. HP: 16/44 MP: 7/7
  1227 | D:1      | HP: 2/44 [poisoned by an adder]
  1887 | D:2      | Reached skill level 4 in Stealth
  2204 | D:1      | Reached XP level 5. HP: 28/51 MP: 8/8
  2804 | D:3      | Reached skill level 5 in Stealth
  3432 | D:3      | Reached skill level 5 in Fighting
  3641 | D:3      | Reached XP level 6. HP: 56/61 MP: 9/9
  3968 | D:3      | Reached skill level 6 in Stealth
  3972 | D:3      | Reached skill level 1 in Evocations
  4570 | D:4      | Noticed a necrophage
  4589 | D:4      | Killed a necrophage
  4693 | D:4      | Reached XP level 7. HP: 63/66 MP: 10/10
  4773 | D:4      | Found a stormy altar of Qazlal.
  4816 | D:4      | Reached skill level 7 in Stealth
  5111 | D:4      | Found a staircase to the Ecumenical Temple.
  5222 | Temple   | Entered the Ecumenical Temple
  5356 | Temple   | Became a worshipper of Gozag Ym Sagoz the Greedy
  5586 | D:5      | Entered Level 5 of the Dungeon
  5724 | D:5      | Found a sacrificial altar of Ru.
  5787 | D:5      | Noticed a wyvern
  5797 | D:5      | Killed a wyvern
  5800 | D:5      | Reached skill level 8 in Stealth
  6369 | D:5      | Reached XP level 8. HP: 9/77 MP: 11/11
  7779 | D:5      | Reached skill level 9 in Stealth
  7971 | D:6      | Reached skill level 1 in Shields
  8450 | D:6      | Noticed Eustachio
  8885 | D:6      | Killed Eustachio
  8885 | D:6      | Reached skill level 5 in Evocations
  8943 | D:6      | Reached skill level 10 in Stealth
  8943 | D:6      | Reached XP level 9. HP: 30/86 MP: 12/12
 10555 | D:6      | Reached skill level 11 in Stealth
 12007 | D:7      | Got a transparent ring mail
 12127 | D:7      | Found a glowing golden altar of the Shining One.
 12225 | D:8      | Identified the +1 ring mail "Oqo Fucw" {rCorr Dex+4} (You
                  | found it on level 7 of the Dungeon)
 12244 | D:8      | Found Itriatopt's Antique Weapon Shoppe.
 12251 | D:8      | Bought a runed war axe for 156 gold pieces
 12349 | D:8      | Found Meuxtoqo's Weapon Shop.
 12487 | D:8      | Reached skill level 1 in Axes
 12489 | D:8      | Reached skill level 12 in Stealth
 12498 | D:8      | Reached XP level 10. HP: 68/94 MP: 15/15
 13088 | D:8      | Noticed Maggie
 13100 | D:8      | Killed Maggie
 13264 | D:8      | Found a white marble altar of Elyvilon.
 13265 | D:8      | Found a stormy altar of Qazlal.
 13296 | D:8      | Noticed Psyche
 13301 | D:8      | Killed Psyche
 13320 | D:8      | Found Guseruts's Book Shop.
 13320 | D:8      | Found Corugh's Gadget Boutique.
 13355 | D:8      | Bought a wand of acid (8) for 336 gold pieces
 13355 | D:8      | Bought a wand of acid (6) for 280 gold pieces
 13473 | D:8      | Found Apruegg's General Store.
 13481 | D:8      | Bought a scroll of remove curse for 39 gold pieces
 13606 | D:9      | Noticed a two-headed ogre
 13619 | D:9      | Killed a two-headed ogre
 13619 | D:9      | Reached skill level 5 in Axes
 13619 | D:9      | Reached skill level 13 in Stealth
 14039 | D:9      | Found a shimmering altar of Xom.
 14068 | D:9      | Found a snail-covered altar of Cheibriados.
 14329 | D:10     | Entered Level 10 of the Dungeon
 14660 | D:10     | Reached XP level 11. HP: 76/100 MP: 17/17
 15412 | D:10     | Found a staircase to the Orcish Mines.
 15430 | D:10     | Found a staircase to the Lair.
 15434 | Lair:1   | Entered Level 1 of the Lair of Beasts
 15673 | Lair:1   | Learned a level 1 spell: Beastly Appendage
 15681 | D:10     | Reached skill level 14 in Stealth
 16285 | D:10     | Slain by a troll

Illustrated notes

Levels and vault maps discovered:
D:1:      dpeg_arrival_tiny_d, layout_loops_ring
D:2:      layout_rooms, overflow_temple_1_default, uniq_jessica
D:3:      minmay_chambers_of_threes, layout_basic
D:4:      layout_loops_ring, minmay_temple_entry_antechambers, first_ration,
          nicolae_qazlal_general_emergency
D:5:      layout_rooms, nicolae_ru_awakened_eye
D:6:      layout_loops_ring, uniq_eustachio
D:7:      layout_basic, tso_altar
D:8:      layout_loops_ring, gammafunk_temple_overflow_statue, serial_shops,
          nicolae_shop_overgrown_old_shop, kennysheep_mini_moat, shop, shop,
          kennysheep_mini, uniq_psyche, uniq_maggie
D:9:      layout_cave_pools, marbit_many_paths, basic_altar, the_bakery
D:10:     layout_cave_pools, minmay_lair_entry_grove, orc_0_dummy
Temple:   kb_temple_of_zot
Lair:1:   layout_hall_layers, grunt_forest_large_clearings, uniq_grum

Skill      XL: |  1  2  3  4  5  6  7  8  9 10 11 |
---------------+----------------------------------+-----
Fighting       | 3 4 5 6 7 |  7.0
Stealth        | 4 5 6 8 10 12 13 14 | 14.1
Evocations     | 2 3 5 7 8 |  8.9
Shields        | 2 4 |  4.2
Axes           | 1 6 7 |  7.9
Maces & Flails | |  3.0
Spellcasting   | |  2.0
Poison Magic   | |  1.3

Action                   |  1- 3 |  4- 6 |  7- 9 | 10-12 || total
-------------------------+-------+-------+-------+-------++-------
Melee: Mace              |    71 |   131 |       |       ||   202
       Short sword       |       |    96 |   267 |       ||   363
       Falchion          |       |       |   198 |       ||   198
       Unarmed           |       |       |    10 |       ||    10
       War axe           |       |       |    35 |   263 ||   298
       Headbutt          |       |       |       |     6 ||     6
 Cast: Beastly Appendage |       |       |       |     4 ||     4
Invok: Potion Petition   |       |       |     1 |       ||     1
 Abil: Spit Poison       |       |     9 |    14 |     2 ||    25
Evoke: Wand              |       |       |    26 |     1 ||    27
  Use: Potion            |       |     4 |     1 |     2 ||     7
       Scroll            |       |       |     9 |     1 ||    10
 Stab: Sleeping          |       |     8 |    13 |     6 ||    27
       Paralysed         |       |       |    10 |     4 ||    14
       Distracted        |       |       |     3 |     1 ||     4
  Eat: Chunk             |       |     9 |     1 |       ||    10
       Ration            |       |       |     9 |     4 ||    13
Armor: Ring mail         |    21 |       |    15 |    13 ||    49
       Robe              |     9 |    47 |   116 |    51 ||   223
       Skin              |       |       |     4 |       ||     4
Dodge: Dodged            |    63 |   217 |   348 |   133 ||   761
Block: Kite shield       |       |       |   156 |   143 ||   299
       Rpst.: Falchion   |       |       |    37 |       ||    37
